 Dungeon Crawl Stone Soup version 0.32-a0-841-g4648e6c457 (webtiles) character file.

Game seed: 5879118741456046685

12826 ezpacito the Cleaver (level 11, -9/86 HPs)
             Began as a Coglin Chaos Knight on Mar 26, 2024.
             Was a Plaything of Xom.
             Shot with an arrow by a centaur warrior (18 damage)
             ... on level 10 of the Dungeon on Mar 27, 2024.
             The game lasted 00:15:14 (8976 turns).

ezpacito the Cleaver (Coglin Chaos Knight)          Turns: 8976, Time: 00:15:15

Health: -9/86      AC: 18    Str: 15    XL:     11   Next: 99%
Magic:  17/17      EV: 14    Int: 22    God:    Xom [.....*]
Gold:   122        SH:  0    Dex: 16    Spells: 2/18 levels left

rFire   + . .        a - +0 hand axe (chaos) {María}
rCold   . . .        m - +6 spear of Fatiesh {protect, Int+3}
rNeg    . . .        y - +4 toga "Victory" {*Victory Int+4 Slay+4 Clar}
rPois   .            Q - +0 helmet
rElec   .            j - +0 cloak
rCorr   .            C - +0 pair of gloves
SInv    .            p - +0 pair of boots
Will    .....        (amulet unavailable)
Stlth   +++          (ring unavailable)
HPRegen 0.34/turn    (ring unavailable)
MPRegen 0.15/turn    (no gizmo)

%: clarity
@: under a protective aura, revving
A: off-hand wielding, slow wielding, warmup strikes, no jewellery, agile 1,
clarity, clever 1, fire resistance 1
a: Invent Gizmo, Renounce Religion


You were on level 10 of the Dungeon.
You worshipped Xom.
You were Xom's teddy bear.
You visited 2 branches of the dungeon, and saw 11 of its levels.

You collected 590 gold pieces.
You spent 468 gold pieces at shops.

Inventory:

Hand Weapons
 a - a +0 hand axe of chaos (weapon) {María}
 m - the +6 spear of Fatiesh (offhand) {protect, Int+3}
   (You found it on level 2 of the Dungeon)

   Int+3:     It affects your intelligence (+3).
 z - a +4 hand axe
 L - a +4 trident of draining
Missiles
 r - 3 boomerangs (quivered)
 F - 6 curare-tipped darts
 G - 36 poisoned darts
 H - 8 darts of dispersal
 J - a throwing net
Armour
 j - a +0 cloak (worn)
 p - a +0 pair of boots (worn)
 s - a +0 plate armour
 y - the +4 toga "Victory" (worn) {*Victory Int+4 Slay+4 Clar}
   (You found it on level 4 of the Dungeon)

   *Victory:  When the wearer kills a threatening monster, it has a chance to
   gain +1 AC, +1 Slay, and +1 Int, capping at +7.
   When the wearer uses a scroll or a potion with a hostile monster in sight,
   its bonuses reset to +0.
   Unequipping it also resets its bonuses to +0.
   Int+4:     It affects your intelligence (+4).
   Slay+4:    It affects your accuracy & damage with ranged weapons and melee
   (+4).
   Clar:      It protects you from confusion, rage, mesmerisation and fear.
 C - a +0 pair of gloves (worn)
 M - a +0 troll leather armour
 O - +0 acid dragon scales
 Q - a +0 helmet (worn)
 U - +0 steam dragon scales
Talismans
 f - a beast talisman
Wands
 o - a wand of flame (7)
 D - a wand of digging (6)
 K - a wand of roots (9)
 N - a wand of light (4)
 P - a wand of charming (7)
Scrolls
 c - a scroll of butterflies
 g - 4 scrolls of fear
 n - 3 scrolls of torment
 t - 3 scrolls of teleportation
 v - 2 scrolls of revelation
 w - a scroll of enchant armour {unknown}
 x - a scroll of enchant weapon {unknown}
 A - a scroll of fog
 B - a scroll of blinking
 E - a scroll of vulnerability {unknown}
 I - a scroll of amnesia
 R - a scroll of poison {unknown}
Potions
 b - 2 potions of lignification
 d - 3 potions of might
 e - 2 potions of attraction
 h - a potion of haste
 i - a potion of invisibility {unknown}
 k - 7 potions of enlightenment
 l - 2 potions of heal wounds
 q - 11 potions of curing
 u - a potion of ambrosia
 V - a potion of cancellation


   Skills:
 * Level 8.2 Fighting
 * Level 8.2(8.9) Axes
 + Level 4.7(6.7) Polearms
 * Level 7.0 Armour
 * Level 6.9 Dodging
 - Level 4.0 Stealth
 + Level 4.1 Spellcasting
 + Level 2.7 Necromancy
 + Level 2.8 Translocations
 + Level 4.4 Alchemy
 + Level 5.5 Evocations


You had 2 spell levels left.
You knew the following spells:

 Your Spells              Type           Power      Damage    Failure   Level
a - Alistair's Intoxicat  Alch           15%        N/A       45%         5
b - Anguish               Hex/Necr       5%         N/A       54%         4
c - Cigotuvi's Dreadful   Necr/Alch/Air  28%        N/A       6%          2
g - Apportation           Tloc           32%        N/A       3%          1
s - Sticky Flame          Fire/Alch      14%        2d5       41%         4

Your spell library contained the following spells:

 Spells                   Type           Power      Damage    Failure   Level
 Jinxbite                 Hex            8%         N/A       17%         2
 Inner Flame              Hex/Fire       4%         N/A       32%         3
 Dispel Undead            Necr           16%        3d10      36%         4
 Ignite Poison            Fire/Alch      14%        N/A       41%         4
 Martyr's Knell           Necr/Summ      10%        N/A       54%         4
 Cause Fear               Hex            2%         N/A       73%         4
 Flame Wave               Conj/Fire      4%         2d5       73%         4
 Freezing Cloud           Conj/Ice/Air   2%         6-21      97%         5
 Enfeeble                 Hex            2%         N/A       100%        7


Dungeon Overview and Level Annotations

Branches:
Dungeon (10/15)            Temple (1/1) D:6
   Lair: D:8-11         Orc: D:9-12

Altars:
Ashenzari
Cheibriados
Dithmenos
Elyvilon
Fedhas
Gozag
Hepliaklqana
Kikubaaqudgha
Makhleb
Nemelex Xobeh
Okawaru
Qazlal
Ru
Sif Muna
Trog
Uskayaw
Vehumet
Wu Jian
Xom
Yredelemnul
Zin
The Shining One

Shops:
D:7 =


Innate Abilities, Weirdness & Mutations

You can wield a second weapon in your off-hand.
It takes a long time for you to wield or remove held weapons.
Your first few attacks do less damage.
You cannot equip rings or amulets.
You are agile. (Dex +4, Str/Int -1)
You possess an exceptional clarity of mind.
Your mind is acute. (Int +4, Str/Dex -1)
Your flesh is heat resistant. (rF+)


Message History

* * * LOW HITPOINT WARNING * * *
The centaur warrior closely misses you. x3
You take 9 damage, and have 25/86 hp.
You puncture the centaur warrior with the +6 spear of Fatiesh!
The centaur warrior is moderately wounded.
You hit the centaur warrior but do no damage.
The centaur warrior seems to grow stronger.
The centaur warrior closely misses you.
The centaur warrior kicks you but does no damage.
You hit the centaur warrior but do no damage.
The centaur warrior is moderately wounded.
You hit the centaur warrior with the +6 spear of Fatiesh.
The centaur warrior hits you!!
* * * LOW HITPOINT WARNING * * *
The centaur warrior kicks you but does no damage.
You take 18 damage, and have 7/86 hp.
MASSIVE DAMAGE!!
You hit the centaur warrior with your +0 hand axe of chaos.
You burn the centaur warrior.
The centaur warrior is heavily wounded.
You puncture the centaur warrior with the +6 spear of Fatiesh!
The centaur warrior closely misses you.
The centaur warrior kicks you but does no damage.
You hit the centaur warrior with your +0 hand axe of chaos.
The centaur warrior is almost dead.
You puncture the centaur warrior with the +6 spear of Fatiesh!
The +4 toga "Victory" glows.
You kill the centaur warrior!
You start resting.
A centaur warrior comes into view.
Aiming: Bolt of Light
Press: ? - help, Shift-Dir - straight line, f - centaur warrior
Aim: a centaur warrior (wandering, hasn't noticed you, 81% to hit)
The bolt of light hits the centaur warrior!
The centaur warrior is moderately wounded.
The centaur warrior shouts!
The centaur warrior is blinded.
The centaur warrior wields a +0 orcbow.
The centaur warrior shoots an arrow.
The arrow closely misses you.
The centaur warrior shoots an arrow.
The arrow hits you!!
You die...
Xom cackles wildly!

################ . .......
........ .. .....#
#....... #. #...# #.......
##.. #...###.......
.....#######...(.........
.......c....c............
########)###...c.....#
.........@.#.........# .
...........#....###..# ..
...........#.........# ...
...........#.........#....
...........#..............
############........#####.
##+#####.# ........#
........#


You could see a centaur warrior (blind, unable to see you).

Vanquished Creatures
  A hydra (D:10)
  2 centaur warriors (D:10)
  A two-headed ogre (D:10)
  Jeremiah (D:7)
  4 trolls (D:10)
  A hornet (D:9)
  A shadow (D:10)
  16 yaks
  3 steam dragons
  Edmund (D:4)
  An acid dragon (D:8)
  Duvessa (D:7)
  A water moccasin (D:5)
  An orc warrior (D:9)
  2 sky beasts
  3 ice beasts (D:8)
  4 ogres
  A centaur (D:4)
  A phantom (D:6)
  4 kobold brigands
  8 scorpions
  4 bullfrogs
  2 gnoll sergeants
  20 wights
  Dowan (D:7)
  17 killer bees
  4 howler monkeys
  Crazy Yiuf (D:3)
  2 bombardier beetles
  2 jellies
  5 orc priests
  2 hounds
  A sleepcap (D:6)
  10 orc wizards
  Ijyb (D:3)
  5 iguanas
  9 adders
  10 gnolls
  A shadow imp (D:5)
  4 white imps
  5 ribbon worms
  2 dart slugs
  32 orcs
  11 ball pythons
  16 bats
  5 endoplasms
  4 giant cockroaches
  8 goblins
  7 hobgoblins
  15 kobolds
  6 quokkas
  3 frilled lizards
  4 rats
277 creatures vanquished.

Vanquished Creatures (collateral kills)
  A gargoyle (D:10)
  A tengu conjurer (D:10)
  2 yaks (D:10)
  An acid dragon (D:9)
5 creatures vanquished.

Vanquished Creatures (others)
  2 orc warriors (D:10)
  A jelly (D:7)
3 creatures vanquished.

Grand Total: 285 creatures vanquished

Notes
Turn   | Place    | Note
-------+----------+-------------------------------------------
     0 | D:1      | ezpacito the Coglin Chaos Knight began the quest for the
                  | Orb.
     0 | D:1      | Reached XP level 1. HP: 18/18 MP: 1/1
     4 | D:1      | XOM: divination: detect creatures
    60 | D:1      | Reached skill level 1 in Dodging
   102 | D:1      | Reached XP level 2. HP: 19/24 MP: 2/2
   314 | D:1      | XOM: silly message
   384 | D:1      | Reached XP level 3. HP: 28/29 MP: 3/3
   420 | D:1      | Found Benokkunu's Distillery.
   429 | D:1      | Bought a potion of lignification for 39 gold pieces
   484 | D:1      | XOM: silly message
   988 | D:2      | Found a faded altar of an unknown god.
  1039 | D:2      | Identified the +6 spear of Fatiesh {protect, Int+3}
  1102 | D:2      | XOM: divination: detect creatures
  1259 | D:3      | Reached XP level 4. HP: 35/35 MP: 4/4
  1294 | D:3      | Noticed Ijyb
  1296 | D:3      | XOM: potion effect (invisibility)
  1312 | D:3      | Killed Ijyb
  1313 | D:3      | Reached skill level 1 in Polearms
  1367 | D:3      | Reached XP level 5. HP: 29/41 MP: 5/5
  1432 | D:3      | Found a shimmering blue altar of Sif Muna.
  1542 | D:3      | XOM: silly message
  1642 | D:3      | XOM: silly message
  1659 | D:3      | XOM: silly message
  1673 | D:3      | Reached skill level 1 in Stealth
  1673 | D:3      | Reached skill level 1 in Spellcasting
  1673 | D:3      | Reached XP level 6. HP: 48/48 MP: 7/7
  1762 | D:3      | Found a runed translucent door.
  1763 | D:3      | Noticed Crazy Yiuf
  1989 | D:3      | Killed Crazy Yiuf
  2103 | D:3      | XOM: god gift: golden potion {god gift}
  2345 | D:4      | Noticed Edmund
  2348 | D:4      | XOM: confuse monster(s)
  2351 | D:4      | XOM: cast spell 'Dispersal'
  2357 | D:4      | Reached XP level 7. HP: 54/54 MP: 7/9
  2389 | D:4      | Killed Edmund
  2719 | D:4      | Found an iron altar of Okawaru.
  2719 | D:4      | Found a runed translucent door.
  2769 | D:4      | Found the +0 toga "Victory" {*Victory Clar}
  2789 | D:4      | Reached XP level 8. HP: 29/61 MP: 10/10
  2942 | D:5      | Entered Level 5 of the Dungeon
  2948 | D:5      | Learned a level 4 spell: Sticky Flame
  2950 | D:5      | Learned a level 1 spell: Apportation
  2956 | D:5      | Learned a level 5 spell: Alistair's Intoxication
  3108 | D:5      | XOM: 4-stop teleportation journey
  3233 | D:5      | XOM: cleaving
  3280 | D:5      | Reached skill level 5 in Fighting
  3280 | D:5      | Reached skill level 5 in Axes
  3339 | D:5      | Reached skill level 1 in Evocations
  3474 | D:5      | Reached skill level 1 in Alchemy
  3683 | D:5      | XOM: noise
  3739 | D:5      | Found a glowing golden altar of the Shining One.
  3741 | D:5      | Noticed an angel
  3808 | D:5      | Found a basalt altar of Yredelemnul.
  3823 | D:5      | Noticed a profane servitor
  4083 | D:6      | XOM: give mutations
  4083 | D:6      | Gained mutation: Your flesh is heat resistant. (rF+) [Xom's
                  | grace]
  4083 | D:6      | Gained mutation: You are agile. (Dex +4, Str/Int -1) [Xom's
                  | grace]
  4083 | D:6      | Gained mutation: You possess an exceptional clarity of
                  | mind. [Xom's grace]
  4083 | D:6      | Gained mutation: Your mind is acute. (Int +4, Str/Dex -1)
                  | [Xom's grace]
  4251 | D:6      | Reached XP level 9. HP: 68/68 MP: 12/12
  4268 | D:6      | XOM: scenery: 1 doors close
  4331 | D:6      | XOM: confuse monster(s)
  4483 | D:6      | XOM: god gift: 2 darts of dispersal
  4501 | D:6      | Found a staircase to the Ecumenical Temple.
  4513 | Temple   | Entered the Ecumenical Temple
  4598 | D:6      | Found a stormy altar of Qazlal.
  5169 | D:7      | Found Ker Gade's Jewellery Shop.
  5321 | D:7      | Reached skill level 5 in Armour
  5413 | D:7      | Reached skill level 5 in Dodging
  5440 | D:7      | Noticed Dowan
  5441 | D:7      | Noticed Duvessa
  5444 | D:7      | XOM: scenery: summon butterflies
  5449 | D:7      | Killed Duvessa
  5453 | D:7      | Killed Dowan
  5514 | D:7      | Noticed Jeremiah
  5521 | D:7      | XOM: fog
  5525 | D:7      | Killed Jeremiah
  5526 | D:7      | Reached XP level 10. HP: 55/77 MP: 14/14
  5656 | D:7      | XOM: stat loss: -1 Dex (15/16)
  5690 | D:7      | Found a burning altar of Makhleb.
  5706 | D:7      | XOM: summons 6 hostile demons
  5707 | D:7      | Noticed an orange demon
  5816 | D:7      | XOM: summons 3 hostile shadow creatures
  5829 | D:7      | XOM: summons 5 hostile demons
  5905 | D:7      | XOM: noise
  6389 | D:8      | Learned a level 4 spell: Anguish
  6582 | D:8      | XOM: 1-stop teleportation journey
  6689 | D:8      | Reached skill level 1 in Necromancy
  6816 | D:8      | Reached skill level 1 in Translocations
  6826 | D:8      | XOM: enchant monster (good)
  6856 | D:8      | Found a sparkling altar of Nemelex Xobeh.
  6983 | D:8      | XOM: confuse monster(s)
  7117 | D:8      | XOM: cloud trail
  7189 | D:8      | Learned a level 2 spell: Cigotuvi's Dreadful Rot
  7404 | D:1      | Bought a potion of lignification for 39 gold pieces
  7404 | D:1      | Bought a potion of attraction for 39 gold pieces
  7404 | D:1      | Bought a potion of curing for 39 gold pieces
  7404 | D:1      | Bought a potion of haste for 130 gold pieces
  7404 | D:1      | Bought 2 potions of enlightenment for 130 gold pieces
  7404 | D:1      | Bought a potion of might for 52 gold pieces
  7581 | D:9      | XOM: divination: detect creatures
  7584 | D:9      | Reached XP level 11. HP: 84/84 MP: 16/16
  7693 | D:9      | XOM: enchant monster (good)
  7710 | D:9      | XOM: divination: magic mapping
  7822 | D:9      | XOM: 2-stop teleportation journey
  7879 | D:9      | Found a sacrificial altar of Ru.
  8428 | D:9      | XOM: divination: detect items
  8502 | D:10     | Entered Level 10 of the Dungeon
  8633 | D:10     | XOM: confuse monster(s)
  8809 | D:10     | Noticed a two-headed ogre
  8810 | D:10     | XOM: summons friendly crimson imp
  8817 | D:10     | Killed a two-headed ogre
  8818 | D:10     | Reached skill level 5 in Evocations
  8844 | D:10     | Saving game... please wait.
  8850 | D:10     | XOM: destruction
  8861 | D:10     | XOM: summons 4 friendly demons
  8865 | D:10     | Noticed a centaur warrior
  8869 | D:10     | XOM: scenery: 1 doors open, 1 doors close
  8875 | D:10     | Killed a centaur warrior
  8900 | D:10     | Noticed a five-headed hydra
  8910 | D:10     | Killed a five-headed hydra
  8933 | D:10     | Noticed a skeletal warrior
  8933 | D:10     | XOM: 7-stop teleportation journey
  8959 | D:10     | Noticed a centaur warrior
  8972 | D:10     | Killed a centaur warrior
  8975 | D:10     | Noticed a centaur warrior
  8976 | D:10     | Shot with an arrow by a centaur warrior

Illustrated notes

Levels and vault maps discovered:
D:1:      lordsloth_arrival_two_stooges, layout_basic, serial_shops, shop
D:2:      layout_rooms, shapermc_ecumenical_altar_flowoftime
D:3:      layout_basic, mainiacjoe_overflow_boulevard, uniq_crazy_yiuf_cottage,
          uniq_ijyb
D:4:      layout_rooms, nicolae_overflow_guarded_unrand_okawaru_victory,
          chequers_decorated_corner, nicolae_wormholes, uniq_edmund
D:5:      layout_loops_ring, grunt_temple_overflow_holy_war
D:6:      layout_gridville, nicolae_qazlal_beasts_of_the_sky,
          minmay_temple_entry_drinking_statues, minmay_between
D:7:      old_forge, layout_basic, old_standard_altar, serial_shops, shop,
          minmay_quadrilaterals, uniq_duvessa, uniq_jeremiah
D:8:      kennysheep_spiral_hall, layout_basic, nemelex_diamond_rough_becter,
          eino_curves_01, kennysheep_generic_room_15
D:9:      layout_rooms, mainiacjoe_overflow_alcove_4
D:10:     minmay_the_grid_3x2 [minmay_the_grid_small_cups,
          minmay_the_grid_doors, minmay_the_grid_large_cup,
          minmay_the_grid_paths, minmay_the_grid_minigrid_large,
          minmay_the_grid_prize_inner_circle], layout_stronghold,
          lair_entry_dummy
Temple:   nicolae_temple_superstar

Skill      XL: |  1  2  3  4  5  6  7  8  9 10 11 |
---------------+----------------------------------+-----
Dodging        | 1 2 3 4 5 6 |  6.9
Armour         | 2 3 4 5 6 7 |  7.0
Polearms       | 1 2 3 4 |  4.7
Stealth        | 1 2 3 4 |  4.0
Spellcasting   | 1 2 3 4 |  4.1
Axes           | 4 5 6 7 8 |  8.2
Fighting       | 4 5 6 7 8 |  8.2
Evocations     | 1 3 4 5 |  5.5
Alchemy        | 1 2 3 4 |  4.4
Necromancy     | 1 2 |  2.7
Translocations | 1 2 |  2.8

Action                     |  1- 3 |  4- 6 |  7- 9 | 10-12 || total
---------------------------+-------+-------+-------+-------++-------
  Melee: Hand axe          |    62 |    87 |   198 |   271 ||   618
         Dagger            |    32 |       |       |       ||    32
         Mace              |    25 |       |       |       ||    25
         Spear             |     6 |    97 |   237 |   328 ||   668
  Evoke: Wand              |       |       |     4 |     9 ||    13
    Use: Scroll            |       |     5 |     5 |     4 ||    14
         Potion            |       |     1 |     4 |       ||     5
   Stab: Confused          |     1 |     3 |     1 |    10 ||    15
         Paralysed         |     1 |       |     1 |     2 ||     4
         Invisible         |       |     4 |       |     2 ||     6
         Held in net/web   |       |     2 |       |       ||     2
         Sleeping          |       |       |    10 |     8 ||    18
         Distracted        |       |       |       |     3 ||     3
         Petrifying        |       |       |       |     5 ||     5
         Petrified         |       |       |       |     2 ||     2
 Armour: Leather armour    |    24 |       |       |       ||    24
         Scale mail        |    26 |     8 |       |       ||    34
         Chain mail        |       |    52 |    56 |       ||   108
         Robe              |       |       |    77 |   222 ||   299
  Dodge: Dodged            |    29 |    20 |   111 |   207 ||   367

Table legend: (Time is in decaauts)
 A = Elapsed time spent in this place.
 B = Non-inter-level travel time spent in this place.
 C = Inter-level travel time spent in this place.
 D = Time resting spent in this place.
 E = Time spent auto-exploring this place.
 F = Levels seen in this place.
 G = Mean time per level.
                   A        B        C        D        E       F      G
               +--------+--------+--------+--------+--------+-----+--------+
         Total |   8922 |   8251 |    671 |    278 |   6226 |  11 |  811.1 |
       Dungeon |   8920 |   8249 |    671 |    278 |   6226 |  10 |  892.0 |
        Temple |      1 |      1 |      0 |      0 |      0 |   1 |    1.0 |
               +--------+--------+--------+--------+--------+-----+--------+

Top non-repeatable levels by time:
     D:7: 1472 daAuts
     D:5: 1046 daAuts
     D:6: 961 daAuts
     D:8: 950 daAuts
     D:9: 919 daAuts
     D:3: 918 daAuts
     D:4: 851 daAuts
     D:1: 775 daAuts
     D:2: 570 daAuts
    D:10: 456 daAuts
  Temple: 1 daAuts
